AoeStats
← RaskWarrioR

Arena

510541244Analyzed
2v2 RM · 1d ago on Oct 1, 2026· 42m 14s· 4 players
Game mode
Random Map
Map size
Medium (4 player)
Population
200
Speed
Normal
Resources
Standard
Victory
Conquest
Starting age
Dark Age
Ending age
Imperial Age
RankedLock teamsTeams togetherTeam positionsShared explorationLock speedFull tech treeHidden civsTurbo modeCheats
Victory
Defeat
🇨🇴 Saxons · Colombia
1228
+16
🇨🇱 Bohemians · Chile
1221
+17
🇵🇪 Magyars · Peru
1249
-17
🇿🇦 Huns · South Africa
1231
-16
MAK Tribe
9:24 Feudal Age
14:50 Castle Age
12:42 Horse Collar
12:49 Double-Bit Axe
13:09 Horse Collar
17:27 Fletching
20:59 Loom
25:15 Imperial Age
26:04 Forging
27:26 Iron Casting
28:31 Devotion
42:01 Gold Mining
RaskWarrioR
10:59 Feudal Age
9:15 Loom
15:00 Castle Age
13:44 Double-Bit Axe
22:17 Fletching
22:46 Town Watch
23:43 Bow Saw
26:13 Gold Mining
28:19 Scale Barding Armor
29:29 Chain Barding Armor
32:48 Corvinian Army
33:18 Light Cavalry
34:22 Horse Collar
37:19 Bloodlines
37:10 Husbandry
38:02 Wheelbarrow
40:50 Imperial Age
38:59 Heavy Plow
40:12 Hand Cart
40:34 Gold Shaft Mining
39:55 Bodkin Arrow
41:01 Elite Magyar Huszar
LRNI_Thegar
10:00 Feudal Age
8:23 Loom
13:40 Castle Age
16:08 Redemption
20:03 Sanctity
20:56 Double-Bit Axe
LRNI | Moises
10:35 Feudal Age
10:50 Loom
14:30 Castle Age
12:53 Double-Bit Axe
15:36 Bow Saw
16:31 Horse Collar
16:56 Town Watch
20:58 Redemption
24:56 Heavy Plow
25:27 Sanctity
26:43 Pikeman
38:04 Imperial Age
38:35 Town Patrol
39:15 Wheelbarrow
39:08 Conscription
40:01 Halberdier
41:00 Forging
40:56 Scale Mail Armor
42:56 Iron Casting
42:38 Chain Mail Armor
42:40 Hand Cart
Connection lost

Rejoining the realm…

Still unreachable

The connection could not be restored.

Session expired

The server has moved on; the page needs a fresh start.